 Dungeon Crawl Stone Soup version 0.23.2-32-g37ab1d4649 (webtiles) character file.

Game seed: 206668782994271072

42 EcosseEcosse the Covered (level 3, -5/34 HPs)
             Began as a Minotaur Fighter on June 25, 2019.
             Killed from afar by Sigmund (10 damage)
             ... with a puff of flame
             ... on level 2 of the Dungeon.
             The game lasted 00:02:08 (1161 turns).

EcosseEcosse the Covered (Minotaur Fighter)         Turns: 1161, Time: 00:02:09

Health: -5/34      AC:  7    Str: 20    XL:     3   Next: 35%
Magic:  2/2        EV:  7    Int:  5    God:
Gold:   87         SH:  9    Dex: 10    Spells: 2/2 levels left

rFire    . . .     SeeInvis .   a - +0 flail
rCold    . . .     Gourm    .   c - +0 shield
rNeg     . . .     Faith    .   b - +0 scale mail
rPois    .         Spirit   .   (helmet restricted)
rElec    .         Reflect  .   (no cloak)
rCorr    .         Harm     .   (no gloves)
MR       .....                  (no boots)
Stlth    ..........             (no amulet)
HPRegen  0.11/turn              (no ring)
MPRegen  0.08/turn              (no ring)

@: no status effects
A: retaliatory headbutt, horns 2
a: no special abilities


You were on level 2 of the Dungeon.
You were hungry.

You visited 1 branch of the dungeon, and saw 2 of its levels.

You collected 87 gold pieces.

Inventory:

Hand Weapons
 a - a +0 flail (weapon)
Armour
 b - a +0 scale mail (worn)
 c - a +0 shield (worn)
Jewellery
 i - an uncursed ring of stealth {unknown}
Scrolls
 g - a scroll of identify {unknown}
 h - a scroll of magic mapping {unknown}
 j - 2 scrolls of amnesia {unknown}
 m - a scroll of remove curse {unknown}
Potions
 d - a potion of might
 e - a potion of lignification {unknown}
 k - a potion of resistance {unknown}
 l - 2 potions of cancellation {unknown}
 n - a potion of flight {unknown}
Comestibles
 f - 4 rations


   Skills:
 + Level 4.3 Fighting
 + Level 2.7 Maces & Flails
 + Level 4.3 Armour
 + Level 0.1 Dodging
 + Level 4.0 Shields


You had 2 spell levels left.
You didn't know any spells.
Your spell library was empty.

Dungeon Overview and Level Annotations

Branches:
Dungeon (2/15)

Altars:
Hepliaklqana
Vehumet
Wu Jian

Annotations:
D:2 Sigmund


Innate Abilities, Weirdness & Mutations

You reflexively headbutt those who attack you in melee.
You have a pair of horns on your head.


Message History

* * * LOW HITPOINT WARNING * * *
You barely miss something. Something hits you but does no damage.
You closely miss something.
You hear some strange, mumbled words.
You are confused.
You barely miss something. Something hits you but does no damage.
You closely miss something. Something hits you but does no damage.
You closely miss something. Your headbutt misses something.
Something hits you but does no damage.
You bump into the rock wall.
You're too confused to move!
Something hits you.
* * * LOW HITPOINT WARNING * * *
You closely miss something. Your headbutt misses something.
You feel less confused. Something hits you but does no damage.
Your scale mail prevents you from hitting something.
You hear some strange, mumbled words.
A puff of flame appears from out of thin air!
The puff of flame hits you!
You die...

# # # # ## .#
################ .#
#.....$@{......# .#
#..............# ##
#..............# #
#..............# #
#)....[.....![.# #
#..............# #
#....%.........#
##########..............#
..................>....!


There were no monsters in sight!

Vanquished Creatures
  A worm (D:2)
  2 dart slugs
  3 leopard geckos (D:1)
  4 bats
  2 giant cockroaches
  4 goblins
  5 hobgoblins
  5 kobolds
  2 frilled lizards (D:1)
  2 rats (D:1)
30 creatures vanquished.

Notes
Turn   | Place    | Note
-------+----------+-------------------------------------------
     0 | D:1      | EcosseEcosse the Minotaur Fighter began the quest for the
                  | Orb.
     0 | D:1      | Reached XP level 1. HP: 19/19 MP: 0/0
   140 | D:1      | Reached XP level 2. HP: 16/27 MP: 1/1
   772 | D:2      | Reached XP level 3. HP: 33/33 MP: 2/2
  1084 | D:2      | Found a radiant altar of Vehumet.
  1085 | D:2      | Found an ornate altar of the Wu Jian Council.
  1086 | D:2      | Found a hazy altar of Hepliaklqana.
  1138 | D:2      | Noticed Sigmund
  1161 | D:2      | Killed from afar by Sigmund

Skill      XL: |  1  2  3 |
---------------+----------+-----
Fighting       | 4 |  4.3
Armour         | 4 |  4.3
Shields        | 4 |  4.0
Maces & Flails | |  2.7
Dodging        | |  0.1

Action                   || total
-------------------------++-------
Melee: Flail             ||    84
       Headbutt          ||    14
Armor: Scale mail        ||    34
Dodge: Dodged            ||    24
Block: Shield            ||    42
